AoeStats
← Ken

Arena

507080598Analyzed
4v4 RM · 17d ago on Sep 16, 2026· 43m 5s· 8 players
Game mode
Random Map
Map size
Large (8 player)
Population
200
Speed
Normal
Resources
Standard
Victory
Conquest
Starting age
Dark Age
Ending age
Imperial Age
RankedLock teamsTeams togetherTeam positionsShared explorationLock speedFull tech treeHidden civsTurbo modeCheats
Victory
Defeat
🇫🇷 Wu · France
1059
+17
🇹🇼 Vietnamese · Taiwan
1050
+17
🇨🇳 Franks · China
1021
+18
🇩🇪 Persians · Germany
1018
+19
🇨🇱 Mongols · Chile
1112
-19
🇫🇷 Chinese · France
1107
-19
🇫🇮 Huns · Finland
1107
-19
🇨🇱 Turks · Chile
985
-14
apple58112327
0:57 Loom
11:28 Feudal Age
15:59 Castle Age
13:53 Double-Bit Axe
14:22 Horse Collar
16:48 Heavy Plow
17:11 Bow Saw
17:45 Wheelbarrow
19:54 Gold Mining
21:26 Hand Cart
27:09 Imperial Age
24:49 Fletching
24:57 Pikeman
25:54 Scale Mail Armor
26:04 Forging
26:19 Squires
30:40 Imperial Age
29:54 Bodkin Arrow
29:59 Padded Archer Armor
30:20 Elite Skirmisher
31:48 Ballistics
31:55 Leather Archer Armor
31:42 Imperial Skirmisher
32:36 Bracer
33:31 Stone Mining
34:50 Two-Man Saw
34:51 Ring Archer Armor
34:48 Chain Mail Armor
36:03 Chemistry
36:21 Halberdier
39:04 Iron Casting
39:00 Plate Mail Armor
41:58 Crop Rotation
41:43 Town Watch
42:05 Scale Barding Armor
42:56 Stone Shaft Mining
Lizard Bro
10:48 Feudal Age
14:59 Castle Age
13:36 Scale Barding Armor
13:31 Double-Bit Axe
13:28 Horse Collar
15:41 Bloodlines
15:39 Scale Barding Armor
15:38 Loom
15:39 Town Watch
20:03 Chain Barding Armor
20:28 Husbandry
27:55 Forging
27:36 Fletching
30:18 Caravan
37:05 Imperial Age
35:10 Wheelbarrow
35:25 Wheelbarrow
35:04 Elite Skirmisher
38:29 Plate Barding Armor
38:30 Iron Casting
37:57 Padded Archer Armor
37:47 Fletching
38:26 Heavy Hei Guang Cavalry
Iribaar
9:59 Feudal Age
14:03 Castle Age
12:08 Double-Bit Axe
12:50 Horse Collar
14:54 Bow Saw
19:16 Heavy Plow
21:04 Wheelbarrow
20:50 Gold Mining
21:57 Loom
21:58 Town Watch
24:20 Gold Shaft Mining
24:14 Scale Barding Armor
24:19 Forging
25:54 Chain Barding Armor
28:40 Imperial Age
26:38 Bloodlines
26:28 Husbandry
26:24 Stone Mining
26:26 Fletching
27:44 Hand Cart
28:06 Stone Shaft Mining
27:19 Light Cavalry
28:30 Town Patrol
29:08 Iron Casting
28:29 Bodkin Arrow
29:40 Plate Barding Armor
30:55 Blast Furnace
29:18 Cavalier
30:50 Savar
32:59 Conscription
33:15 Murder Holes
33:41 Ballistics
34:21 Chemistry
33:32 Masonry
34:31 Citadels
35:34 Hoardings
42:11 Hussar
Ken
10:12 Feudal Age
12:01 Double-Bit Axe
15:00 Castle Age
16:43 Bow Saw
18:23 Loom
26:45 Husbandry
27:12 Scale Barding Armor
27:17 Forging
29:08 Wheelbarrow
28:40 Gold Mining
32:25 Imperial Age
30:46 Chain Barding Armor
33:39 Iron Casting
32:28 Cavalier
33:33 Conscription
34:26 Plate Barding Armor
34:38 Gold Shaft Mining
35:31 Stone Mining
35:19 Paladin
37:08 Blast Furnace
37:23 Chivalry
43:22 #83
43:04 Scale Mail Armor
42:55 Fletching
43:05 Padded Archer Armor
44:07 Chemistry
43:03 Murder Holes
belen_dhv
11:39 Feudal Age
16:24 Castle Age
21:20 Imperial Age
18:37 Loom
19:32 Fletching
19:42 Padded Archer Armor
22:10 Double-Bit Axe
22:07 Horse Collar
25:31 Forging
26:54 Gold Mining
27:52 Bow Saw
29:33 Loom
31:40 Ballistics
34:41 Heavy Plow
35:20 Wheelbarrow
35:17 Heavy Camel Rider
37:59 Iron Casting
37:29 Scale Barding Armor
WihtoriKosola
10:42 Feudal Age
15:11 Castle Age
14:30 Wheelbarrow
13:54 Stone Mining
14:05 Double-Bit Axe
15:14 Horse Collar
17:31 Gold Mining
18:05 Forging
21:59 Wheelbarrow
21:57 Scale Barding Armor
24:38 Iron Casting
25:36 Hand Cart
26:57 Chain Barding Armor
32:56 Imperial Age
31:19 Bow Saw
34:26 Plate Barding Armor
34:47 Conscription
35:18 Marauders
35:26 Husbandry
35:38 Bloodlines
39:06 Parthian Tactics
39:44 Gold Shaft Mining
39:32 Padded Archer Armor
40:09 Thumb Ring
39:57 Fletching
Garcito
9:54 Loom
12:02 Feudal Age
12:50 Double-Bit Axe
12:50 Horse Collar
16:01 Castle Age
17:19 Bow Saw
18:02 Heavy Plow
19:28 Wheelbarrow
28:35 Imperial Age
26:29 Fletching
26:40 Padded Archer Armor
27:56 Hand Cart
28:36 Ballistics
28:19 Gold Mining
29:57 Bodkin Arrow
30:43 Parthian Tactics
30:25 Thumb Ring
30:57 Bracer
33:01 Conscription
33:15 Elite Mangudai
34:28 Scale Barding Armor
34:34 Forging
35:05 Drill
35:22 Gold Shaft Mining
35:05 Light Cavalry
35:56 Bloodlines
35:48 Husbandry
35:11 Heavy Camel Rider
35:22 Pikeman
35:31 Light Cavalry
36:21 Bloodlines
36:11 Husbandry
36:33 Chain Barding Armor
36:48 Iron Casting
36:51 Fortified Wall
36:38 Murder Holes
36:35 Onager
38:02 Hussar
40:19 Blast Furnace
Strictness
0:55 Loom
10:52 Feudal Age
11:19 Double-Bit Axe
11:15 Horse Collar
17:47 Castle Age
16:12 Fletching
16:22 Padded Archer Armor
17:12 Padded Archer Armor
17:04 Stone Mining
17:53 Gold Mining
22:29 Bow Saw
26:16 Heavy Plow
27:57 Wheelbarrow
31:44 Imperial Age
29:52 Bodkin Arrow
30:32 Fortified Wall
30:18 Murder Holes
31:12 Thumb Ring
32:11 Gold Shaft Mining
32:11 Stone Shaft Mining
32:37 Ballistics
33:54 Two-Man Saw
33:33 Hand Cart
33:23 Bracer
34:32 Leather Archer Armor
34:58 Stone Shaft Mining
34:52 Forging
34:47 Scale Barding Armor
34:37 Arrowslits
36:08 Ring Archer Armor
37:36 Bloodlines
37:26 Husbandry
36:47 Light Cavalry
37:13 Cavalier
38:40 Conscription
40:25 Iron Casting
40:10 Chain Barding Armor
39:42 Crossbowman
42:02 Elite Chu Ko Nu
44:15 Blast Furnace
Connection lost

Rejoining the realm…

Still unreachable

The connection could not be restored.

Session expired

The server has moved on; the page needs a fresh start.